 Dungeon Crawl Stone Soup version 0.27.0-1-g7a08968 (webtiles) character file.

Game seed: 16797400219843168858

1192 thesequoiad the Blocker (level 8, -1/71 HPs)
             Began as a Minotaur Fighter on Aug 11, 2021.
             Was a Follower of Okawaru.
             Slain by a yak (14 damage)
             ... on level 5 of the Dungeon.
             The game lasted 00:10:36 (4568 turns).

thesequoiad the Blocker (Minotaur Fighter)          Turns: 4568, Time: 00:10:37

Health: -1/71      AC:  7    Str: 24    XL:     8   Next: 20%
Magic:  7/7        EV:  8    Int:  5    God:    Okawaru [*.....]
Gold:   141        SH: 12    Dex:  9    Spells: 7/7 levels left

rFire    . . .     SeeInvis .   a - +0 war axe
rCold    . . .     Faith    .   c - +1 kite shield
rNeg     . . .     Spirit   .   b - +0 scale mail
rPois    .         Reflect  .   (helmet restricted)
rElec    .         Harm     .   (no cloak)
rCorr    .         Rampage  .   (no gloves)
Will     .....                  (no boots)
Stlth    ..........             (no amulet)
HPRegen  0.21/turn              (no ring)
MPRegen  0.10/turn              (no ring)

@: no status effects
A: horns 2, retaliatory headbutt
a: Renounce Religion, Heroism


You were on level 5 of the Dungeon.
You worshipped Okawaru.
Okawaru was aware of your devotion.
You visited 2 branches of the dungeon, and saw 6 of its levels.

You collected 141 gold pieces.

Inventory:

Hand Weapons
 a - a +0 war axe (weapon)
Missiles
 i - 47 poisoned darts (quivered)
Armour
 b - a +0 scale mail (worn)
 c - a +1 kite shield (worn)
Jewellery
 j - a ring of fire
Scrolls
 d - a scroll of holy word {unknown}
 e - a scroll of enchant armour
 h - a scroll of enchant weapon {unknown}
 n - a scroll of silence {unknown}
 o - a scroll of vulnerability {unknown}
 u - a scroll of brand weapon {unknown}
 v - a scroll of blinking {unknown}
Potions
 f - a potion of haste
 k - a potion of magic
 l - 2 potions of brilliance
 m - a potion of mutation
 q - a potion of flight {unknown}
 s - a potion of berserk rage {unknown}
 t - a potion of ambrosia {unknown}


   Skills:
 + Level 6.8 Fighting
 + Level 6.1 Axes
 - Level 5.0 Armour
 * Level 8.6 Shields


You had 7 spell levels left.
You didn't know any spells.
Your spell library contained the following spells:

 Spells                   Type           Power      Damage    Failure   Level
 Beastly Appendage        Tmut           0%         N/A       96%         1
 Sting                    Tmut/Pois      0%         1d3       96%         1
 Wereblood                Tmut           0%         N/A       99%         2
 Gell's Gravitas          Tloc           0%         N/A       100%        3
 Lesser Beckoning         Tloc           0%         N/A       100%        3
 Spider Form              Tmut/Pois      0%         N/A       100%        3
 Teleport Other           Tloc           0%         N/A       100%        3


Dungeon Overview and Level Annotations

Branches:
Dungeon (5/15)             Temple (1/1) D:5

Altars:
Ashenzari
Fedhas
Okawaru
Wu Jian
Yredelemnul

Shops:
D:2 =


Innate Abilities, Weirdness & Mutations

You have a pair of horns on your head.
You reflexively headbutt those who attack you in melee.


Message History

You slash the yak! Your headbutt misses the yak.
The yak is moderately wounded.
The yak gores you! The yak gores you but does no damage.
You hit the yak.
The yak is moderately wounded.
The yak gores you.
You hit the yak but do no damage.
The yak is moderately wounded.
The yak gores you!
You slash the yak! You headbutt the yak.
The yak is severely wounded.
The yak gores you! x2
You are too injured to fight recklessly!
You are too injured to fight recklessly!
You are too injured to fight recklessly!
You are too injured to fight recklessly!
You are too injured to fight recklessly!
You hit the yak.
The yak is almost dead.
You block the yak's attack.
You hit the yak.
The yak is almost dead.
The yak gores you!
* * * LOW HITPOINT WARNING * * *
Your scale mail prevents you from hitting the yak.
The yak is almost dead.
You block the yak's attack.
You hit the yak but do no damage.
The yak is almost dead.
The yak barely misses you. You furiously retaliate!
You headbutt the yak, but do no damage. The yak gores you!
* * * LOW HITPOINT WARNING * * *
You feel better. The yak gores you but does no damage.
You hit the yak but do no damage. Your headbutt misses the yak.
The yak is almost dead.
You block the yak's attack.
You hit the yak.
The yak is almost dead.
You block the yak's attack. The yak gores you!
You die...

...#.##.........#
#.......#
.....###.......##
#.#.###.# ..####
##.....## #.#.###.#
..# ##...##
#.#...#.# #.# ##'##
#.###.#.# #.# #.#
#.# #.#.# #.# #.#
#.###.#.# #.#
####.#######.......#
#.#
#........@.#####.###
#.#### #....#####Y#
#.# .....# #.#..#
#.#####.#
#.##.###.#..#
#.......#
#...........#
#.#######
####.###....#####.#
# #.# ####..YY...#
####.# #.#######
.....# #.#


You could see a yak.

Vanquished Creatures
  4 yaks
  Edmund (D:4)
  An ogre (D:4)
  A scorpion (D:5)
  A hound (D:3)
  A jelly (D:4)
  2 iguanas
  Terence (D:3)
  An orc wizard (D:4)
  Robin (D:2)
  6 adders
  A white imp (D:5)
  3 worms
  A dart slug (D:1)
  2 orcs (D:4)
  A ball python (D:3)
  3 bats
  5 endoplasms
  5 giant cockroaches
  17 goblins
  13 hobgoblins
  16 jackals
  4 quokkas
  10 frilled lizards
  7 kobolds
  6 rats
114 creatures vanquished.

Vanquished Creatures (others)
  A fungus (D:2)
  2 plants (D:2)
3 creatures vanquished.

Grand Total: 117 creatures vanquished

Notes
Turn   | Place    | Note
-------+----------+-------------------------------------------
     0 | D:1      | thesequoiad the Minotaur Fighter began the quest for the
                  | Orb.
     0 | D:1      | Reached XP level 1. HP: 19/19 MP: 0/0
   213 | D:1      | Reached XP level 2. HP: 23/27 MP: 1/1
   596 | D:1      | Reached skill level 4 in Shields
   596 | D:1      | Reached XP level 3. HP: 19/33 MP: 2/2
  1074 | D:2      | Found a faded altar of an unknown god.
  1106 | D:2      | Noticed Robin
  1124 | D:2      | Killed Robin
  1125 | D:2      | Reached XP level 4. HP: 24/40 MP: 3/3
  1407 | D:2      | Got Plato's Reference Book on Shape Shifting
  1430 | D:2      | Found Biotev's Jewellery Shop.
  1519 | D:2      | Reached skill level 5 in Armour
  2115 | D:3      | Reached XP level 5. HP: 47/47 MP: 4/4
  2273 | D:3      | Noticed Terence
  2280 | D:3      | Killed Terence
  2281 | D:3      | Reached skill level 5 in Shields
  2831 | D:4      | Noticed an ogre
  2835 | D:4      | Noticed Edmund
  2837 | D:4      | Killed an ogre
  2838 | D:4      | Reached skill level 5 in Fighting
  2838 | D:4      | Reached XP level 6. HP: 45/56 MP: 5/5
  3018 | D:4      | Killed Edmund
  3019 | D:4      | Reached skill level 6 in Shields
  3617 | D:4      | Reached XP level 7. HP: 60/61 MP: 6/6
  3960 | D:5      | Entered Level 5 of the Dungeon
  4054 | D:5      | Found a staircase to the Ecumenical Temple.
  4096 | D:5      | Found an ornate altar of the Wu Jian Council.
  4128 | Temple   | Entered the Ecumenical Temple
  4137 | Temple   | Became a worshipper of Warmaster Okawaru
  4228 | D:5      | Reached skill level 5 in Axes
  4228 | D:5      | Reached skill level 7 in Shields
  4235 | D:5      | Noticed a yak
  4236 | D:5      | Noticed a yak
  4236 | D:5      | Noticed a yak
  4236 | D:5      | Noticed a yak
  4237 | D:5      | Noticed a yak
  4250 | D:5      | Killed a yak
  4254 | D:5      | Killed a yak
  4254 | D:5      | Reached * piety under Okawaru
  4281 | D:4      | Killed a yak
  4282 | D:4      | Reached skill level 8 in Shields
  4282 | D:4      | Reached XP level 8. HP: 42/71 MP: 7/7
  4568 | D:5      | Slain by a yak

Illustrated notes

Levels and vault maps discovered:
D:1:      mainiacjoe_arrival_reflecting_pool, layout_loops_cross
D:2:      layout_basic, shapermc_ecumenical_altar_rom_forum, serial_shops, shop,
          uniq_robin
D:3:      layout_basic, uniq_terence
D:4:      layout_rooms, serial_park_tiny_1, minivault_4, uniq_edmund
D:5:      kennysheep_slugbush, layout_loops_corners,
          mainiacjoe_overflow_concentric_impassable,
          nicolae_gozag_zags_fifth_avenue, minmay_temple_entry_poolview,
          hex_tiny
Temple:   compressed_dpeg_circular_temple

Skill      XL: |  1  2  3  4  5  6  7  8 |
---------------+-------------------------+-----
Armour         | 4 5 |  5.0
Shields        | 4 5 6 8 |  8.6
Fighting       | 4 5 6 |  6.8
Axes           | 3 4 5 6 |  6.1

Action                   |  1- 3 |  4- 6 |  7- 9 || total
-------------------------+-------+-------+-------++-------
Melee: War axe           |    89 |   136 |    68 ||   293
       Headbutt          |    10 |    22 |    22 ||    54
Throw: Dart              |       |     7 |     1 ||     8
  Use: Potion            |       |     4 |     2 ||     6
       Scroll            |       |     3 |     2 ||     5
Armor: Scale mail        |    38 |    65 |    21 ||   124
Dodge: Dodged            |    25 |    30 |    19 ||    74
Block: Kite shield       |    45 |    52 |    33 ||   130
